[Event "44th Chess Olympiad Open 2022"]
[Site "Chennai"]
[Date "2022.08.02"]
[Round "5.83"]
[White "Asante Debesai Zerabruk"]
[Black "Croes, Octavio"]
[Result "1-0"]
[WhiteElo "1785"]
[BlackElo "1794"]
[Annotator "NA RC"]
[PlyCount "125"]
[EventDate "2022.??.??"]
[TimeControl "60"]

1. e4 c5 2. Nf3 Nc6 3. d3 g6 4. g3 Bg7 5. Bg2 d6 6. O-O Nf6 7. Nbd2 O-O 8. c3 Rb8 9. Re1 Qc7 10. Nf1 b5 11. d4 cxd4 12. cxd4 Nb4 13. Ne3 Bb7 14. a3 Nc6 15. d5 Na5 16. Nd4 Qb6 17. b4 Nc4 18.
Nxc4 bxc4 19. Bb2 Nd7 20. Bc3 Ne5 21. Bf1 Rfc8 22. a4 a6 23.
a5 Qa7 24. b5 axb5 25. Nxb5 Qc5 26. Rb1 Ba6 27. Bd4 Nf3+ 28. Qxf3 Bxd4 29. Nxd4 Qxd4 30. Red1 Qc5 31. Qc3 Rb5 32. Rxb5 Qxb5 33. Rc1 Rc5 34. Rc2 Qb3 35. Qxb3 cxb3 36. Rxc5 b2 37. Rc8+ Bxc8 38. Bd3 Ba6 39. Bb1 e6 40. dxe6 fxe6 41. f3 Kf7 42. Kf2 Ke7 43. Ke3 Kd7 44. Kd4 e5+ 45. Kc3 Be2 46. f4 Kc6 47. Kxb2 Kb5 48. Kc3 Kxa5 49. Bd3 Bg4 50. f5 gxf5 51. exf5 d5 52. f6 Be6 53. Bxh7 d4+ 54. Kd3 Bf7 55. g4 Kb4 56. g5 Bc4+ 57. Kd2 Bb3 58. g6 e4 59. f7 e3+ 60.
Ke1 Kc3 61. f8=Q d3 62. Qc5+ Bc4 63. Qxe3 1-0

[Event "44th Chess Olympiad Open 2022"]
[Site "Chennai"]
[Date "2022.08.02"]
[Round "5.84"]
[White "Lesbros Bernard"]
[Black "Mohamed Ali Dima"]
[Result "0-1"]
[WhiteElo "1865"]
[BlackElo "1582"]
[Annotator "NA RC"]
[PlyCount "70"]
[EventDate "2022.??.??"]
[TimeControl "60"]

1. d4 d5 2. c4 c6 3. Nf3 Bf5 4. cxd5 cxd5 5. Nc3 e6 6. e3 Nd7 7. Bb5 Ngf6 8. h3 a6 9. Be2 Bd6 10. O-O Ne4 11. Nd2 Ndf6 12. Ndxe4 Nxe4 13. Nxe4 dxe4 14. f4 h5 15. Bd2 g5 16. Bb4 Bc7 17. g4 gxf4 18.
Qa4+ b5 19. Bxb5+ axb5 20. Qxb5+ Qd7 21. Qxd7+ Kxd7 22. gxf5 f3 23. fxe6+ fxe6 24. Kf2 h4 25. Rg1 Bg3+ 26. Rxg3 hxg3+ 27. Kxg3 Rag8+ 28. Kf4 Rh4+ 29. Ke5 Rg5+ 30. Kf6 Rf5+ 31. Kg6 f2 32. Rf1 Rxh3 33. d5 Rg3+ 34. Kh6 Rg1 35. dxe6+ Kxe6 0-1

[Event "44th Chess Olympiad Open 2022"]
[Site "Chennai"]
[Date "2022.08.02"]
[Round "5.84"]
[White "Badji, Sekou Aransbene"]
[Black "Ismael Mohamed Goumaneh"]
[Result "0-1"]
[WhiteElo "1732"]
[BlackElo "1473"]
[Annotator "NA RC"]
[PlyCount "62"]
[EventDate "2022.??.??"]
[TimeControl "60"]

1. d4 d5 2. Bf4 Nf6 3. e3 Nbd7 4. Nf3 e6 5. Bd3 Be7 6. c3 c5 7. h3 O-O 8. Nbd2 Re8 9. O-O Nf8 10. Ne5 N6d7 11. Ndf3 f6 12. Ng4 h5 13. Ngh2 g5 14. Bg3 h4 15. Nxh4 gxh4 16. Qg4+ Kf7 17. Qh5+ Kg7 18. Bxh4 f5 19. Bg3 Nf6 20. Qe2 c4 21. Bc2 Ng6 22. f3 Rh8 23.
e4 Bd7 24. Rae1 Rh6 25. exd5 exd5 26. Qd2 Nh5 27. Bf2 Bg5 28. Qd1 Bf4 29. Be3 Qg5 30. Qd2 Rf8 31. Bxf4 Ngxf4 0-1

[Event "44th Chess Olympiad Open 2022"]
[Site "Chennai"]
[Date "2022.08.02"]
[Round "5.87"]
[White "Cabunagan, Tito"]
[Black "Conhoff, David"]
[Result "1-0"]
[WhiteElo "1706"]
[BlackElo "1460"]
[Annotator "NA RC"]
[PlyCount "85"]
[EventDate "2022.??.??"]
[TimeControl "60"]

1. e4 e5 2. Nf3 Nc6 3. Bb5 Bc5 4. Bxc6 dxc6 5. d3 f6 6. O-O Ne7 7. c3 O-O 8. d4 Bd6 9. dxe5 fxe5 10. h3 b5 11. Ng5 g6 12. Qb3+ Kg7 13.
Ne6+ Bxe6 14. Qxe6 Ng8 15. Be3 Re8 16. Qb3 a6 17. Nd2 Rb8 18.
Nf3 Qd7 19. Qc2 c5 20. Rad1 Qc6 21. Nh2 c4 22. a3 Bc5 23. Bxc5 Qxc5 24. Rd5 Qb6 25. Nf3 c6 26. Rxe5 Rxe5 27. Nxe5 Re8 28. Nf3 Nf6 29. e5 Nd7 30. Re1 Qc7 31. Qe4 Nc5 32. Qd4 Ne6 33. Qg4 h5 34. Qg3 Qa5 35. Nh4 g5 36. Nf5+ Kg6 37. Qf3 Rf8 38. Ne7+ Kh6 39. Qxc6 Kg7 40. Qxe6 Rf7 41. Nf5+ Kf8 42. Qc8+ Qd8 43. Qxd8# 1-0

[Event "44th Chess Olympiad Open 2022"]
[Site "Chennai"]
[Date "2022.08.02"]
[Round "5.87"]
[White "Hair, Justin M"]
[Black "Salvadora, Angelo"]
[Result "1/2-1/2"]
[WhiteElo "1505"]
[BlackElo "1711"]
[Annotator "NA RC"]
[PlyCount "87"]
[EventDate "2022.??.??"]
[TimeControl "60"]

1. e4 d5 2. exd5 Nf6 3. c4 Bg4 4. Nf3 e6 5. dxe6 Bxe6 6. Ng5 Bf5 7. Qf3 Qe7+ 8. Qe3 Qxe3+ 9. fxe3 Nc6 10. Be2 Be7 11. O-O Bg6 12. Nc3 a6 13. d4 O-O 14. Bf3 Bd3 15. Be2 Bg6 16. b3 Nb4 17. a3 Nc6 18.
Nh3 Na5 19. Bd1 Bd3 20. Rf2 h5 21. Nf4 Bg6 22. Nxg6 fxg6 23. Bd2 b6 24. Nd5 Nxd5 25. Rxf8+ Rxf8 26. cxd5 c5 27. dxc6 Nxc6 28. Bf3 Nb8 29. Bb4 Bxb4 30. axb4 Rf6 31. Rc1 b5 32. Rc8+ Rf8 33. Rxf8+ Kxf8 34. d5 Ke7 35. e4 Kd6 36. Kf2 Nd7 37. Ke3 Ke5 38. g4 Nf6 39. h3 h4 40. g5 Nh7 41. d6 Nxg5 42. d7 Nf7 43.
Bg4 g5 44. Bf5 1/2-1/2

[Event "44th Chess Olympiad Open 2022"]
[Site "Chennai"]
[Date "2022.08.02"]
[Round "5.87"]
[White "Bansal, Nayan"]
[Black "Reklai Reece"]
[Result "1-0"]
[WhiteElo "1444"]
[BlackElo "1351"]
[Annotator "NA RC"]
[PlyCount "115"]
[EventDate "2022.??.??"]
[TimeControl "60"]

1. e4 e6 2. d4 d5 3. exd5 exd5 4. Nf3 Nf6 5. g3 Nc6 6. Bg2 Be6 7. O-O Be7 8. Nbd2 Qd7 9. Re1 O-O-O 10. c3 h5 11. h4 Bh3 12. Ng5 Bxg2 13. Kxg2 Bd6 14. Nb3 Ne4 15. Nxe4 dxe4 16. Rxe4 f5 17. Re2 g6 18. Bg5 Rdf8 19. f4 Re8 20. Bf6 Rxe2+ 21. Qxe2 Re8 22. Be5 Nd8 23. Qc4 b5 24. Qd5 Qc6 25. Qxc6 Nxc6 26. Kf2 a5 27. Re1 b4 28. Bxd6 Rxe1 29. Kxe1 cxd6 30. d5 a4 31. dxc6 axb3 32. axb3 bxc3 33. bxc3 Kc7 34. Kd2 Kxc6 35. Kd3 Kc5 36. b4+ Kb5 37. Kd4 Kc6 38. c4 Kb6 39. Kd5 Kc7 40. c5 dxc5 41. bxc5 Kd7 42. c6+ Kc7 43. Ke6 Kxc6 44. Kf6 Kd5 45. Kxg6 Ke6 46. Kxh5 Kf6 47. Kh6 Kf7 48. Kg5 Kg7 49. Kxf5 Kf7 50. h5 Kg7 51. Ke6 Kf8 52. f5 Kg8 53. Ke7 Kg7 54. f6+ Kg8 55. f7+ Kh7 56. h6 Kg6 57. f8=Q Kh5 58.
h7 1-0

[Event "44th Chess Olympiad Open 2022"]
[Site "Chennai"]
[Date "2022.08.02"]
[Round "5.90"]
[White "Escalante Ramirez, Brian Sebasti"]
[Black "Kourakoumba, Florent"]
[Result "1-0"]
[WhiteElo "2496"]
[BlackElo "1677"]
[Annotator "RC"]
[PlyCount "119"]
[EventDate "2022.??.??"]
[TimeControl "60"]

1. c4 e6 2. Nc3 Nf6 3. g3 c6 4. Bg2 d5 5. cxd5 exd5 6. d4 Bb4 7. e3 O-O 8. Nge2 Bg4 9. O-O Na6 10. Bd2 Bd6 11. a3 Nc7 12. Rc1 Qc8 13.
Re1 Ne6 14. Nxd5 Nxd5 15. Bxd5 Qd7 16. Bg2 Rae8 17. Qa4 Ng5 18. Kf1 Nf3 19. Bxf3 Bxf3 20. Ng1 Bg4 21. Kg2 b5 22. Qc2 Rc8 23. f3 Bh5 24. Bc3 f6 25. Qd2 Rfe8 26. e4 Qf7 27. Qf2 a6 28.
b4 Bg6 29. Bb2 h6 30. Re3 Bb8 31. Rec3 Qd7 32. Qd2 Bf7 33. Ne2 Ba7 34. Rd1 Red8 35. Rcc1 f5 36. e5 Bd5 37. Nf4 Kh7 38. Nxd5 cxd5 39. Rxc8 Rxc8 40. Rc1 Rc4 41. Rxc4 bxc4 42. Qc2 g6 43. h4 Kg7 44. Qd2 Kh7 45. Bc1 Qg7 46. Qf4 Bb8 47. a4 Bc7 48. b5 axb5 49. axb5 Bd8 50. e6 Bc7 51. Qxh6+ Qxh6 52. Bxh6 Bd6 53. Bf4 Be7 54. b6 c3 55. b7 c2 56. b8=Q g5 57. hxg5 Kg7 58. Qc7 Kg6 59. Qxe7 c1=Q 60. Qf7# 1-0

[Event "44th Chess Olympiad Open 2022"]
[Site "Chennai"]
[Date "2022.08.02"]
[Round "5.90"]
[White "Koualet-Bebondi, Vianney Archeveq"]
[Black "Enemchukwu Chinedu Benjamin"]
[Result "0-1"]
[WhiteElo "1679"]
[BlackElo "1889"]
[Annotator "NA RC"]
[PlyCount "116"]
[EventDate "2022.??.??"]
[TimeControl "60"]

1. e4 c5 2. Nc3 Nc6 3. Nf3 d6 4. Bc4 Nf6 5. h3 g6 6. O-O Bg7 7. Nh2 O-O 8. d3 a6 9. Be3 e6 10. Bb3 b5 11. Ne2 Nxe4 12. dxe4 c4 13.
Bxc4 bxc4 14. c3 Qc7 15. Nd4 Rb8 16. Rb1 Nxd4 17. Bxd4 e5 18.
Be3 f5 19. f3 fxe4 20. fxe4 Bb7 21. b3 Bxe4 22. Rb2 Bd3 23. Rf3 e4 24. Rxf8+ Rxf8 25. Qd2 Qa5 26. b4 Qa3 27. Rc2 Bxc2 28. Qxc2 Qxc3 29. Qxc3 Bxc3 30. Ng4 d5 31. Bc5 h5 32. Ne3 d4 33. Nd5 e3 34. Nxc3 dxc3 35. Bxe3 c2 36. a4 Re8 37. Bg5 c1=Q+ 38. Bxc1 Re1+ 39. Kf2 Rxc1 40. b5 axb5 41. axb5 Rb1 42. Ke3 Rxb5 43. Kd4 Rg5 44. Kxc4 Rxg2 45. Kd3 Rf2 46. Ke3 Rf8 47. Ke4 g5 48. Ke3 g4 49. hxg4 hxg4 50. Ke4 g3 51. Ke3 g2 52. Ke4 g1=Q 53. Ke5 Qe1+ 54. Kd6 Rd8+ 55. Kc7 Rd2 56. Kc6 Qc1+ 57. Kb5 Rb2+ 58. Ka4 Qa1# 0-1

[Event "44th Chess Olympiad Open 2022"]
[Site "Chennai"]
[Date "2022.08.02"]
[Round "5.91"]
[White "Jones, Rupert"]
[Black "Ihsan Mohamed N T"]
[Result "1-0"]
[WhiteElo "1766"]
[BlackElo "1208"]
[Annotator "NA RC"]
[PlyCount "79"]
[EventDate "2022.??.??"]
[TimeControl "60"]

1. e4 e5 2. Nf3 Nc6 3. Bb5 a6 4. Ba4 Bc5 5. O-O Nf6 6. d3 O-O 7. Bxc6 dxc6 8. Nxe5 Bd4 9. Nc4 Bg4 10. Qe1 b6 11. c3 Bc5 12. d4 Be6 13.
Ne3 Be7 14. Nd2 Nh5 15. g3 Bh3 16. Ng2 Bd6 17. e5 Be7 18.
Qe2 g6 19. Re1 f5 20. exf6 Rxf6 21. Qxe7 Qxe7 22. Rxe7 Rf7 23.
Rxf7 Kxf7 24. Ne4 h6 25. Bxh6 Rh8 26. Be3 Ke8 27. Ng5 Bd7 28. Nf4 Bf5 29. Re1 Ng7 30. d5 c5 31. Bxc5+ Kd8 32. Nf7+ Kc8 33. Nxh8 Kb7 34. Bd4 Bd7 35. Bxg7 a5 36. Re7 Bb5 37. d6 Ka6 38. Rxc7 Be8 39. Bd4 b5 40. Ra7# 1-0

[Event "44th Chess Olympiad Open 2022"]
[Site "Chennai"]
[Date "2022.08.03"]
[Round "6.1"]
[White "Gukesh D"]
[Black "Sargissian, Gabriel"]
[Result "1-0"]
[WhiteElo "2684"]
[BlackElo "2698"]
[Annotator "TA"]
[PlyCount "81"]
[EventDate "2022.??.??"]
[TimeControl "60"]

1. d4 d5 2. c4 e6 3. Nf3 Nf6 4. Nc3 Bb4 5. Qa4+ Nc6 6. e3 O-O 7. Bd2 dxc4 {[%emt 0:05:32] D38: Queen's Gambit Declined:
Ragozin Defence (4 Nf3 Bb4).} 8. Bxc4 Bd6 9.
Qc2 e5 {[%emt 0:01:00] The position is equal.} 10. dxe5 Nxe5 11. Be2 $5 {[%emt 0:00:00] Exploring
less charted territory.} Nxf3+ 12. gxf3 a6 13. O-O-O b5 $1 14. Rhg1 {[%emt 0:00:11] [#]} b4 $146 (14... Bxh2 15.
Rh1 Bd6 16. Ne4 $16) ({Predecessor:} 14... Qe7 15. Ne4 Nxe4 16. fxe4 Be6 17. f4
f6 18. Rg3 Bb4 19. Bxb4 Qxb4 20. Rdg1 g6 {1-0 (33) Zhao,J (2625)-Xu,Y (2516)
Liaocheng 2021}) 15. Ne4 Nxe4 $1 16. fxe4 Qe7 17. f4 a5 (17... f6 $11) 18. e5 $14 {[%emt 0:02:30] Bf3 is the strong
threat.} Bc5 19. Rg5 {[%emt 0:29:02] And now Rdg1 would win.}
Ba6 {[%emt 0:03:00] [#]} (19... g6 $1 $11 {remains equal.}) 20. Rdg1 $1 $36 {
[%emt 0:10:27] White is really pushing. White is more active.} g6 21. Bxa6 Rxa6 22. f5 {[%emt 0:00:03]
Threatens to win with Qc4.} Ba7 ({Black should try} 22... Rc6
$1 $14 23. Kb1 Qe8) 23. e6 (23. Kb1 $16 {aiming for Qc4.} Rd8
24. e6) 23... Kh8 {[%emt 0:00:00] [#] This move loses the game for Black.} (
23... fxe6 $14 24. fxg6 h6) 24. Kb1 $1 $18 (24. fxg6 fxg6 25.
Qc4 Rxe6 26. Rxa5 Bxe3 27. Bxe3 Rxe3 $17) 24... gxf5 $2 {[%emt 0:04:15] [#]} (
24... h6 $16 25. Rxg6 fxg6 26. Rxg6 Rf6) 25. Bxb4 $1 ({
Worse is} 25. Rxf5 Rxe6 26. Rxa5 (26. Rh5 f6 $15) 26... c5 $11) (25. Qxf5 Rxe6
26. Rg7 (26. Qxa5 c5 $11) 26... Rg6 27. R1xg6 hxg6 28. Qxg6 fxg6 $11) 25...
Qxb4 (25... axb4 $142 26. Qg2 Qd8) 26. Qg2 {[%emt 0:01:04]
White wants to mate with Rg8+.} (26. exf7 $2 Rg6 27. Qxf5 Qd6 28. Rxg6 hxg6 29.
Qxg6 Qxg6+ 30. Rxg6 Rxf7 $19) 26... Qe4+ 27. Qxe4 fxe4 28. e7 Re8 {[%emt 0:00:
07] [#]} 29. Rg8+ {[%emt 0:00:04] Decoy, Promotion} Rxg8 30.
Rxg8+ {[%emt 0:00:04] Remove Defender. White is clearly winning.} Kxg8 31. e8=Q+ {[%emt 0:00:05] Endgame KQ-KRB} Kg7 32. Qe5+ Rf6 33. Qg5+ Rg6 34. Qxa5 ({Not} 34. Qe5+ Kg8 35. Qxc7 (35.
Qxe4 Bb6 $16) 35... Bb6 36. Qb8+ Kg7 37. Qe5+ Kh6 38. Qxe4 Kg7 39. Qe5+ Kg8 $18
) 34... Rg1+ 35. Kc2 Rg2+ 36. Kb3 Bb6 37. Qe5+ Kf8 38. Qh8+ Ke7 39. Qxh7 Re2 (39... Rg6 $142 40. Qh4+ Ke8) 40. Qxe4+ Kf8 41. Qb4+ {[%emt 0:30:03] Weighted Error
Value: White=0.08 (flawless) /Black=0.41} 1-0

[Event "44th Chess Olympiad Open 2022"]
[Site "Chennai"]
[Date "2022.08.03"]
[Round "6.1"]
[White "Melkumyan, Hrant"]
[Black "Sarin Nihal"]
[Result "1/2-1/2"]
[WhiteElo "2634"]
[BlackElo "2651"]
[Annotator "TA"]
[PlyCount "60"]
[EventDate "2022.??.??"]
[TimeControl "60"]

1. c4 e6 2. Nc3 d5 3. d4 c5 4. cxd5 exd5 5. Nf3 Nf6 6. Bg5 Be6 7. Bxf6 Qxf6 8.
e4 {[%emt 0:00:13] D32: Tarrasch Defence: Sidelines and lines without g3.} dxe4 9. Nxe4 Qf4 10. Bb5+ Nc6 11. Qe2 {[%emt 0:00:33] [#] Threatens to
win with d5.} Be7 12. dxc5 O-O 13. Bxc6 bxc6 14. O-O Bd5 {[%emt 0:04:36] This bishop pair is nice.} 15. Rfe1 {
[%emt 0:06:36] [#]} f5 $146 ({Predecessor:} 15... Rfe8 16. Qd2
Qxd2 17. Nfxd2 f5 18. Nd6 Bxd6 19. cxd6 Red8 20. Nb1 Rxd6 21. Nc3 Be6 {1-0 (52)
Gukesh,D (2614)-Tari,A (2653) Warsaw 2021}) 16. Nc3 Bxf3 ({Don't play} 16... Bxc5 17. Nxd5 cxd5 18. Qe6+ Kh8 19. Qxd5
$16) 17. Qxf3 ({Don't blunder} 17. Qxe7 $2 Qg4 18. Qg5 Qxg5
$19) 17... Qxf3 18. gxf3 Bxc5 19. Re6 Bd4 20. Rxc6 Rfc8 21. Rxc8+ Rxc8 $11 {[%emt 0:00:35] Endgame
KRB-KRN. The position is equal.} 22. Rc1 a5 23. Kf1 a4 {[%emt 0:00:25][%cal Ya4a3] [#] aiming for ...a3!}
24. a3 Kf7 25. Ke2 Bxc3 26. Rxc3 Rb8 27. Rc4 Rxb2+ 28. Kf1 Rb3 29. Rxa4 Rxf3 30. Ra7+ Kf6 {[%emt 0:00:05] Weighted Error Value: White=0.03 
(flawless) /Black=0.02 (flawless)} 1/2-1/2

[Event "44th Chess Olympiad Open 2022"]
[Site "Chennai"]
[Date "2022.08.03"]
[Round "6.1"]
[White "Adhiban, B..."]
[Black "Ter-Sahakyan, Samvel"]
[Result "0-1"]
[WhiteElo "2598"]
[BlackElo "2625"]
[Annotator "TA"]
[PlyCount "80"]
[EventDate "2022.??.??"]
[TimeControl "60"]

1. d4 Nf6 2. c4 e6 3. Nc3 Bb4 4. e3 O-O 5. Bd3 d5 6. cxd5 exd5 7. Nge2 Re8 8. Bd2 {[%emt 0:
00:00] E48: Nimzo-Indian: Rubinstein: 5 Bd3 d5 including 6 Ne2, but excluding
6 a3.} Bf8 9. Rc1 b6 10. O-O
{[%emt 0:10:53] The position is equal.} c5 11. Nf4 Bb7 12. Qf3 $1 a6 {[%emt 0:18:58] [#]
} 13. dxc5 $146 ({Predecessor:} 13. Rfd1 Ra7 14. Bb1 Bc6 15.
Nce2 Rd7 16. Ng3 g6 17. Nd3 Bb7 18. Ne5 Rd6 19. Bc3 {½-½ (30) Swayams,M 
(2432)-Grigoriants,S (2568) Caleta 2018}) 13... bxc5 14. Rfd1 (14. Bc4 $11) 14... Nbd7 $1 $15 15. Qh3 {[%emt 0:01:06][%cal Yc3d5] Strongly threatening Ncxd5!}
({Much worse is} 15. Nfxd5 Nxd5 16. Bxh7+ (16. Nxd5 $2 Ne5 $17) 16... Kxh7 $17)
15... Ne5 16. Bb1 Ng6 17. Nce2 Qb6 18. Bc3 Rad8 19. Qf5 $1 Bc8 20. Qc2 (20. Qd3 $5 ) 20... d4 $36 {[%emt 0:03:49]
Black is pushing.} 21. exd4 Nxf4 22. Nxf4 {
[%emt 0:00:31] dxc5 is the strong threat.} cxd4 23. Bd2 Bg4 24. Re1 Rc8 25. Qd3 (25. Qb3 $11 {remains equal.} Rxe1+ 26. Rxe1 Qxb3
27. axb3) 25... Rxc1 $17 (25... Qxb2 $2 26. Nd5 $1 Ne4 27.
Rxc8 Bxc8 28. Rxe4 $18) 26. Rxc1 {[%emt 0:00:05][%cal Yf4d5] aiming for Nd5!}
Qxb2 27. Qc2 {[%emt 0:11:17] Against Bf5} Ba3 {[%emt 0:05:29]
Black is much more active.} (27... Qa3 $1 $17 {Hoping for ...Rc8.} 28. f3 Bd7)
28. Qxb2 $15 Bxb2 29. Re1 Rxe1+ 30. Bxe1 Bd7 31. Bd3 g5 32. Nh3 {[%emt 0:00:46] [#] Now White is
beyond hope.} (32. Ne2 $17) 32... Bc3 $1 $19 33. Kf1 ({Much weaker is} 33. Bxc3 dxc3 34. Bc2 (34. Nxg5 $2 Ba4 $19) 34... Nd5
35. Nxg5 Nb4 36. Bxh7+ Kg7 $19) 33... Bxe1 34. Kxe1 Bxh3 35. gxh3 {[%emt 0:00:01] Endgame [#] KB-KN} a5 36. Ke2 Nd7 37. Kf3 Nc5 38. Bc2 Kg7 39.
Kg4 $2 (39. h4 gxh4 40. Kf4) 39... d3 40. Bd1 Ne4 {[%emt 0:00:13] Weighted Error Value: White=0.41/Black=0.
06 (flawless)} 0-1

[Event "44th Chess Olympiad Open 2022"]
[Site "Chennai"]
[Date "2022.08.03"]
[Round "6.1"]
[White "Hovhannisyan, Robert"]
[Black "Sadhwani, Raunak"]
[Result "1-0"]
[WhiteElo "2591"]
[BlackElo "2611"]
[Annotator "TA"]
[PlyCount "102"]
[EventDate "2022.??.??"]
[TimeControl "60"]

1. e4 e5 2. Nf3 Nc6 3. Bb5 Nf6 4. O-O Nxe4 5. d4 Nd6 6. Bxc6 dxc6 7. dxe5 Nf5 8. Qxd8+ Kxd8 9. Nc3 Bd7 10. h3 h6 11. b3 c5 {[%emt 0:00:20] C67: Ruy Lopez: Berlin Defence: 4 0-0 Nxe4.} (11... Bb4
12. Bb2 $14) 12. Bb2 $5 {[%emt 0:01:30] Exploring less charted territory.} Nd4 13. Nxd4 cxd4 {[%emt 0:00:08] The position
is equal.} 14. Ne4 c5 15. c3 dxc3 {[%emt 0:00:25] [#]} 16. Bxc3 $146 ({Predecessor:} 16.
Nxc3 Kc7 17. Rad1 Bc6 18. Nd5+ Bxd5 19. Rxd5 Be7 20. f4 Rhd8 21. Rdd1 a5 22. g4
{½-½ (41) Romero Rodriguez,J (2276) -Milde,L (2298) ICCF email 2015}) 16...
a5 17. Rad1 Kc7 18. f4 a4 19. Nd6 Bxd6 20. exd6+ {[%emt 0:00:10] [#] Discovered Attack}
Kb6 21. b4 cxb4 22. Bxb4 Rhe8 23. Rf2 Rac8 {[%emt 0:
08:29] Against Bc3} 24. Rd4 Ka6 25. a3 b5 26. Rd5 (26. f5 $5 ) 26... f6 27. Rd3 Bf5 28. Rg3 g6 29. Rd2 Re4 30. Kh2 Rd8 31. Rc3 {
[%emt 0:03:36] Hoping for Rc6+.} Rc4 {[%emt 0:00:11] Against Rc6+} 32. Re3 Rxf4 33. Re7 {[%emt 0:00:39] Strongly
threatening d7.} Re4 34. Rf7 Re6 $2 {[%emt 0:
00:28] [#] Black cannot hold the game after this.} (34... Rd7 $14 35. Rxf6 h5)
35. Bc5 $1 $18 b4 36.
Ra7+ (36. axb4 $6 Kb5 37. Ra7 Ree8 38. Ra5+ Kc6 $16) 36... Kb5 37. Bxb4 {[%emt 0:00:29] Threatens to win with Rb2.} ({
Don't do} 37. axb4 $6 Ree8 38. Ra5+ Kc6 $16) 37... Re5 38. Rb2
{[%emt 0:05:00] aiming for Ba5+.} Kc6 $2 (38... Kb6 39. Rc7 (
39. Rxa4 Kc6 $16) 39... Ka6) 39. Rc7+ Kd5 40.
Rd2+ Ke4 41. Rc4+ Ke3 42. Rc1 Bd3 (42... Kf4 $142
43. Bc3 Kg5 44. Bxe5 fxe5) 43. Bc3 {[%emt 0:00:00] Threatening mate with Re1+.
White is clearly winning.} Be2 44. Re1 Kf2 45. Rb1 {[%emt 0:00:00] White threatens Bd4+ and mate.} Ke3 46. Rbb2 Bd3 47. Rd1 {
[%emt 0:00:00] Re1+ is the strong threat.} ({Less strong is} 47. Bxe5 fxe5 48.
Rd1 e4 49. Re1+ Kd4 $16) 47... Bc4 48. Bd4+ Ke4 49. Bxe5 Kxe5 50. Re1+ Kd4 51. Rb4 Kd5 {[%emt 0:00:
00] Weighted Error Value: White=0.11 (very precise) /Black=0.41} 1-0

[Event "44th Chess Olympiad Open 2022"]
[Site "Chennai"]
[Date "2022.08.03"]
[Round "6.2"]
[White "Vidit, Santosh Gujrathi"]
[Black "Yakubboev, Nodirbek"]
[Result "1/2-1/2"]
[WhiteElo "2714"]
[BlackElo "2620"]
[Annotator "TA"]
[PlyCount "120"]
[EventDate "2022.??.??"]
[TimeControl "60"]

1. d4 Nf6 2. c4 g6 3. Nc3 Bg7 4. e4 d6 5. Nf3 O-O 6. Be2 Na6 7. O-O e5 8. Re1 Bg4 9. Be3 {[%emt 0:07:17] E94: King's Indian: Classical:
6 Be2 e5 7 0-0: Various Black 7th moves.} exd4 10. Nxd4 ({Much weaker is} 10. Qxd4 Nc5 11. Bg5 (11. e5 Bxf3 12. Bxf3
Nfd7 $15) 11... Re8 $15) 10... Bxe2 11. Qxe2 {[%emt 0:00:25]
White has an edge.} Re8 12. f3 $1 c6 13. Rad1 Nd7 14. Nc2 {
[%emt 0:12:54] [#]} Bxc3 $146 ({Predecessor:} 14... Qc7 15.
Bd4 Rad8 16. Bxg7 Kxg7 17. Qf2 Qb6 18. Qxb6 Nxb6 19. b3 Nc5 20. Ne3 a5 {
1-0 (40) Nikolov,M (2551)-Theodorou,N (2513) Paleochora 2018}) 15. bxc3 Qe7 16. Rd4 Ne5 17. Red1 (17. f4 $5 Nd7 18. Bf2 $11) 17...
Rad8 18. Bc1 Nc7 19. R4d2 Ne6 (19... b5 $11 {is more appropriate.} 20.
Nd4 d5) 20. Ne3 (20. Ba3 $5 ) 20... f6 21. Ba3 Nf7 22. Qf2 Ng7 23. Rd3 Qe6 24. c5 dxc5 25. Rxd8 (25. Bxc5 {looks sharper.} Rxd3 26. Rxd3 b6 27. Ba3) 25... Rxd8 26. Rxd8+ Nxd8 27. Bxc5 b6 28. Ba3 Nf7 29. c4 Ne5 30.
Qd2 Qd7 31. Qd6 Qxd6 (31... h5 {keeps more tension.} 32. Kf1 Ne6 33. Ke2 Kf7) 32.
Bxd6 $11 {[%emt 0:00:02] Endgame KBN-KNN} Kf7 33. Kf1 Ke6 34. Bb8 Nd7 35. Bf4 Ne5 36. Ke2 Nh5 37. g3 Nxf4+ 38. gxf4 {
[%emt 0:00:02] KN-KN} Nd7 39. h4 Kd6 40. Kd2 a5 41. Kc3 {[%emt 0:
00:00] The position is equal.} Nc5 42. Ng4 f5 43. exf5 gxf5 44. Ne3 Ke6 45. Nc2 $1 Kd7 46. Nd4 Ne6 {[%emt 0:00:08] [#] Threatens to win with
...Nxd4.} 47. Nxf5 Nxf4 48. a3 Ke6 49. Nd4+ Kd6 50.
Nf5+ $1 Kc5 51. Ng3 {[%emt 0:00:51][%cal
Rg3e4] [#]} Kd6 52. Kd4 Ne6+ 53. Ke4 Kc5 54. Kd3 b5 55. Ne4+ Kb6 56.
cxb5 cxb5 57. Nf6 h6 58. h5 Kc5 59. Ng4 Nf4+ 60. Kc3 Nxh5 {[%emt 0:00:33]
Weighted Error Value: White=0.04 (flawless) /Black=0.04 (flawless)} 1/2-1/2

[Event "44th Chess Olympiad Open 2022"]
[Site "Chennai"]
[Date "2022.08.03"]
[Round "6.2"]
[White "Abdusattorov, Nodirbek"]
[Black "Harikrishna, Pentala"]
[Result "0-1"]
[WhiteElo "2688"]
[BlackElo "2720"]
[Annotator "TA"]
[PlyCount "68"]
[EventDate "2022.??.??"]
[TimeControl "60"]

1. e4 e5 2. Nf3 Nc6 3. Bc4 Bc5 4. d3 Nf6 5. Bg5 h6 6. Bh4 d6 7. O-O {[%emt 0:00:13] Recently 7. c3 got
a lot of attention.} a5 $5 {[%emt 0:00:13] An interesting side line. C50:
Hungarian Defence and Giuoco Pianissimo.} 8. c3 Ba7 $5 {
[%emt 0:00:07] Exploring less charted territory.} 9. a4 g5 {
[%emt 0:14:00] White has an edge.} 10. Bg3 Ne7 {[%emt 0:00:42]
[#]} 11. Qb3 $146 (11. Re1 $14) ({Predecessor:} 11. Nbd2 Ng6
12. d4 Nd7 13. Nb3 Nb6 14. Nxa5 g4 15. Bb5+ c6 16. Bxc6+ bxc6 17. Nxc6 {
½-½ (29) Cvak,R (2353)-Glatthaar,M (2537) LSS email 2018}) 11... O-O $11 12. Nbd2 Ng6 13. d4 Nh5 $1 14. dxe5 $2 (14.
Kh1 $15) 14... Nxg3 15. hxg3 {[%emt 0:00:12] [#]} dxe5 (15... g4 $1 $19 16. Nh2 Nxe5) 16. Rad1 (16. Qc2 $17) 16... g4 (16... h5 $19 {...g4
is the strong threat.} 17. Qc2 Qf6) 17. Nh2 $17 Qg5 (17... Qf6 $17 {White must now prevent ...h5.} 18. Kh1 Bxf2) 18. Rfe1
$1 $15 Kg7 19. Re2 h5 {
[%emt 0:00:00] aiming for ...h4.} 20. Ndf1 $1 h4 (20... c6 $5 ) 21. Rd3 (21. Red2 $1 $11 {
keeps the balance.}) 21... hxg3 $17 22. Rxg3 Nf4 23. Nxg4 (23. Ree3 $17 Nh5 24. Nxg4 (24.
Nf3 $2 Qf4 $19) 24... Bxe3 25. Ngxe3 Nxg3 26. Nxg3) 23... Bxg4 $19 24. Ne3 $2 (24. Nh2 Nxe2+ 25. Bxe2 Qc1+ 26. Qd1 Qxd1+ 27.
Bxd1) 24... Bxe3 ({Less strong is} 24... Nxe2+ 25. Bxe2 Kh7
26. Bxg4 $16) 25. Rexe3 Ng6 ({Inferior is} 
25... Nh5 26. Be2 Nxg3 27. Rxg3 Qc1+ 28. Qd1 Qxd1+ 29. Bxd1 $19) (25... Kf6
$142 26. Bf1 Qh4 27. Rxg4 Qxg4 28. Qxb7 Rad8) 26. Be2 {[%emt 0:04:23] [#]} Be6 ({Not} 26... f5 27. exf5 Qxf5 28. Bxg4 Qxf2+ 29. Kh2 Rh8+ 30.
Bh3 Rxh3+ 31. Rxh3 $18) 27. Qb5 Qf4 28. Qc5 (28. Ref3 $142 Qc1+ 29. Bf1) 28... Rh8 29. Qxc7 Rh6 {[%emt 0:00:00]
Strongly threatening ...Rah8.} 30. Bf3 Rc8 31. Qxa5 Rch8 {[%emt 0:00:41][%csl Gh8][%cal Rh6h1] Black
mates.} 32. Kf1 Rh1+ 33. Ke2 Bc4+ 34. Kd2 Rf1 {[%emt 0:00:14] Weighted
Error Value: White=1.02/Black=0.21 (precise)} 0-1